 Dungeon Crawl Stone Soup version 0.29-a0-218-gf2abdc9806 (webtiles) character file.

Game seed: 2714612477733158399

360 Anunax the Grasshopper (level 6, -2/32 HPs)
             Began as a Spriggan Warper on Feb 25, 2022.
             Splashed by a jelly's acid (11 damage)
             ... on level 4 of the Dungeon.
             The game lasted 00:25:28 (5033 turns).

Anunax the Grasshopper (Spriggan Warper)            Turns: 5033, Time: 00:25:28

Health: -2/32      AC: -2    Str:  7    XL:     6   Next: 38%
Magic:  11/11      EV: 19    Int: 14    God:
Gold:   166        SH:  0    Dex: 17    Spells: 10/10 levels left

rFire   . . .      SeeInvis +   g - +0 dagger (drain)
rCold   . . .      Faith    .   (no shield)
rNeg    . . .      Spirit   .   b - +0 robe
rPois   .          Reflect  .   (helmet restricted)
rElec   .          Harm     .   (no cloak)
rCorr   .          Rampage  .   (gloves unavailable)
Will    +....                   (boots unavailable)
Stlth   ++........              (no amulet)
HPRegen 0.10/turn               (no ring)
MPRegen 0.12/turn               (no ring)

@: corroded, very quick
A: very small, no large weapons, unfitting armour, see invisible, speed 3
a: no special abilities


You were on level 4 of the Dungeon.
You visited 1 branch of the dungeon, and saw 4 of its levels.

You collected 166 gold pieces.

Inventory:

Hand Weapons
 a - a +0 short sword
 f - a +3 spectral lajatang
 g - a +0 dagger of draining (weapon)
 i - a +1 vorpal spear
Missiles
 d - 2 boomerangs of dispersal (quivered)
Armour
 b - a +0 robe (worn)
 e - a +0 leather armour
 h - a +0 robe
Jewellery
 p - a ring of ice
 q - the ring "Neseg" {rN+ rCorr MP-9 Int+6}
   (You found it on level 2 of the Dungeon)

   [ring of intelligence]

   Int:       It affects your intelligence (+6).
   rN:        It protects you from negative energy.
   MP:        It affects your magic capacity (-9).
   rCorr:     It protects you from acid and corrosion.
Scrolls
 c - a scroll of blinking
 n - a scroll of identify
 u - 3 scrolls of teleportation
Potions
 k - a potion of flight {unknown}
 l - 2 potions of lignification {unknown}
 m - a potion of resistance {unknown}
 o - a potion of attraction


   Skills:
 + Level 2.5 Fighting
 + Level 3.6 Short Blades
 + Level 2.1 Staves
 + Level 1.0 Throwing
 + Level 5.0 Dodging
 + Level 3.1 Stealth
 + Level 2.8 Spellcasting
 + Level 5.4 Translocations


You had 10 spell levels left.
You didn't know any spells.
Your spell library contained the following spells:

 Spells                   Type           Power      Damage    Failure   Level
 Blink                    Tloc           34%        N/A       3%          2
 Gell's Gravitas          Tloc           17%        N/A       7%          3
 Lesser Beckoning         Tloc           17%        N/A       7%          3
 Teleport Other           Tloc           17%        N/A       7%          3
 Beastly Appendage        Tmut           2%         N/A       22%         1
 Shock                    Conj/Air       4%         1d3       22%         1
 Corpse Rot               Necr/Air       2%         N/A       32%         2
 Poisonous Vapours        Pois/Air       2%         N/A       32%         2
 Wereblood                Tmut           1%         N/A       32%         2
 Ozocubu's Armour         Ice            1%         N/A       54%         3
 Spider Form              Tmut/Pois      1%         N/A       54%         3
 Swiftness                Air            1%         N/A       54%         3
 Manifold Assault         Tloc           17%        N/A       54%         5
 Airstrike                Air            0%         N/A       91%         4
 Ozocubu's Refrigeration  Ice            0%         4d5       100%        7


Dungeon Overview and Level Annotations

Branches:
Dungeon (4/15)
 Temple: D:4-7

Altars:
Kikubaaqudgha


Innate Abilities, Weirdness & Mutations

You are very small and have problems with some larger weapons.
You are too small for most types of armour.
You have supernaturally acute eyesight. (SInv)
You cover ground extremely quickly. (Speed+++)


Message History

(D) Dungeon
Where to? (Enter - D:3 @ (x,y), ? - help)
Okay, then.
Okay, then.
No item to drop.
Save game and exit? [Y]es or [N]o only, please.
Save game and exit?
Okay, then.
Okay, then.
You are a level 6 Spriggan Warper.
You are 38% of the way to level 7.
Play time: 00:24:55 (4947 turns).
Zot will find you in 20188 turns if you stay in this branch and explore no new floors.
You remove your ring of ice.
Okay, then.
What are your orders? t - Shout!
Orders for allies: a - Attack new target. r - Retreat! s - Stop attacking. g - Guard the area. f - Follow me.
Anything else - Cancel.
Okay, then.
u - 3 scrolls of teleportation (gained 1)
Found a stone staircase leading down.
A jelly comes into view.
Found a leather armour.
An ogre comes into view. It is wielding a +0 giant club.
The jelly quivers.
You hit the jelly.
Your hands burn!
The jelly is lightly wounded.
The jelly hits you but does no damage.
You hit the jelly but do no damage.
Your hands burn!
The jelly is lightly wounded.
The jelly hits you.
You are splashed with acid!
You hit the jelly. You drain the jelly.
Your hands burn!
The jelly is heavily wounded.
The jelly hits you.
* * * LOW HITPOINT WARNING * * *
The acid corrodes you!
You are splashed with acid!
You die...

#.. #..... #..
#....# #.. #....#
#######.. ....#####
........# .[.#...
......... ....#
######.# #.J.#
########.# #@..#
..........
#.#.#.##########.#
+.....O.. .>. #..
#.#.#.######.###..
#.#...#...........
##.##..#.####.###.#
#..# ..#...........
#..# #.#..###.###.#
#..# #............#


You could see a jelly (drained).

Vanquished Creatures
  2 vampire bats (D:3)
  2 orc priests (D:4)
  An iguana (D:3)
  Natasha (twice) (D:3)
  3 adders
  5 gnolls
  A worm (D:2)
  3 orcs
  7 ball pythons
  A bat skeleton (D:3)
  3 bat zombies (D:3)
  2 endoplasms (D:1)
  4 giant cockroaches (D:2)
  3 goblins
  6 hobgoblins
  8 kobolds
  2 quokkas (D:2)
  7 bats
  2 frilled lizards
  4 rats
68 creatures vanquished.

Notes
Turn   | Place    | Note
-------+----------+-------------------------------------------
     0 | D:1      | Anunax the Spriggan Warper began the quest for the Orb.
     0 | D:1      | Reached XP level 1. HP: 10/10 MP: 5/5
   295 | D:1      | Identified a scroll of acquirement
   295 | D:1      | Acquired a +2 spectral lajatang
   340 | D:1      | Reached XP level 2. HP: 15/15 MP: 6/6
   694 | D:1      | Reached skill level 5 in Translocations
   835 | D:2      | Reached XP level 3. HP: 18/18 MP: 8/8
  1143 | D:2      | Noticed a golden eye
  1147 | D:2      | Found a faded altar of an unknown god.
  1149 | D:2      | Noticed an eye of devastation
  1149 | D:2      | Noticed a golden eye
  1149 | D:2      | Noticed a golden eye
  1389 | D:2      | Found Tihaovum's Weapon Boutique.
  1996 | D:2      | Reached skill level 1 in Staves
  1996 | D:2      | Reached XP level 4. HP: 23/23 MP: 9/9
  2464 | D:2      | Identified the ring "Neseg" {rN+ rCorr MP-9 Int+6}
  2884 | D:3      | Reached skill level 1 in Stealth
  2957 | D:3      | Found an ancient bone altar of Kikubaaqudgha.
  2981 | D:3      | Reached XP level 5. HP: 20/26 MP: 10/10
  3632 | D:3      | Noticed Natasha
  3638 | D:3      | Killed Natasha
  3868 | D:3      | Reached XP level 6. HP: 9/32 MP: 11/11
  4363 | D:3      | Noticed Natasha
  4382 | D:3      | Killed Natasha
  4702 | D:4      | Reached skill level 5 in Dodging
  5033 | D:4      | Splashed by a jelly's acid

Illustrated notes

Levels and vault maps discovered:
D:1:      minmay_arrival_hallway, layout_basic
D:2:      kb_forest_paths, layout_basic, serial_shops,
          nicolae_shop_bloodbath_and_beyond,
          hellmonk_ecumenical_altar_watching_god
D:3:      layout_loops_corners, kennysheep_vampire_church, uniq_natasha
D:4:      layout_basic, kennysheep_minor_cross, kennysheep_generic_room_9

Skill      XL: |  1  2  3  4  5  6 |
---------------+-------------------+-----
Translocations | 5 |  5.4
Fighting       | 2 |  2.5
Staves         | 1 2 |  2.1
Stealth        | 1 2 3 |  3.1
Short Blades   | 3 |  3.6
Dodging        | 4 5 |  5.0
Throwing       | |  1.0
Spellcasting   | |  2.8

Action                   |  1- 3 |  4- 6 || total
-------------------------+-------+-------++-------
Melee: Lajatang          |    68 |       ||    68
       Dagger            |    11 |   159 ||   170
       Punch             |       |     3 ||     3
Throw: Boomerang         |       |     3 ||     3
  Use: Scroll            |     3 |     9 ||    12
       Potion            |       |     1 ||     1
 Stab: Sleeping          |     2 |     6 ||     8
Armor: Robe              |     7 |    15 ||    22
Dodge: Dodged            |    63 |   162 ||   225

Table legend: (Time is in decaauts)
 A = Elapsed time spent in this place.
 B = Non-inter-level travel time spent in this place.
 C = Inter-level travel time spent in this place.
 D = Time resting spent in this place.
 E = Time spent auto-exploring this place.
 F = Levels seen in this place.
 G = Mean time per level.
                   A        B        C        D        E       F      G
               +--------+--------+--------+--------+--------+-----+--------+
         Total |   3863 |   3736 |    127 |   1008 |   1931 |   4 |  965.8 |
       Dungeon |   3863 |   3736 |    127 |   1008 |   1931 |   4 |  965.8 |
               +--------+--------+--------+--------+--------+-----+--------+

Top non-repeatable levels by time:
     D:3: 1841 daAuts
     D:2: 1198 daAuts
     D:1: 500 daAuts
     D:4: 324 daAuts
